 Dungeon Crawl Stone Soup version 0.28.0-47-ge53b351184 (webtiles) character file.

Game seed: 14696743143879472691

6207 101zpm the Magician (level 10, -7/76 HPs)
             Began as a Gnoll Fire Elementalist on Apr 29, 2022.
             Was an Initiate of the Shining One.
             Shot with an arrow by a centaur warrior (15 damage)
             ... on level 9 of the Dungeon.
             The game lasted 00:25:05 (11968 turns).

101zpm the Magician (Gnoll Fire Elementalist)      Turns: 11968, Time: 00:25:05

Health: -7/76      AC:  7    Str:  8    XL:     10   Next: 92%
Magic:  1/21       EV: 14    Int: 19    God:    the Shining One [......]
Gold:   333        SH:  0    Dex: 12    Spells: 8/24 levels left

rFire   + . .      SeeInvis .     - Unarmed
rCold   . . .      Faith    .   z - orb {light}
rNeg    + . .      Spirit   .   a - +0 robe
rPois   .          Reflect  .   F - +0 helmet
rElec   .          Harm     .   (no cloak)
rCorr   .          Rampage  .   B - +2 pair of gloves
Will    .....                   (no boots)
Stlth   ++........              b - amulet of regeneration
HPRegen 1.02/turn               l - ring of protection from fire
MPRegen 0.17/turn               p - ring of positive energy

@: glowing
A: fangs 1, strong nose, distributed training
a: Renounce Religion


You were on level 9 of the Dungeon.
You worshipped the Shining One.
The Shining One was noncommittal.
You visited 2 branches of the dungeon, and saw 10 of its levels.
You also visited: Sewer.

You collected 333 gold pieces.

Inventory:

Hand Weapons
 C - a +5 flail of freezing
 D - a +5 battleaxe
Missiles
 E - 2 throwing nets
Armour
 a - a +0 robe (worn)
 z - an orb of light (worn)
 B - a +2 pair of gloves (worn)
 F - a +0 helmet (worn)
Jewellery
 b - an amulet of regeneration (around neck)
 l - a ring of protection from fire (left hand)
 p - a ring of positive energy (right hand)
 y - a ring of positive energy
 G - a +6 ring of strength
 L - a ring of wizardry
Wands
 h - a wand of flame (32)
 J - a wand of polymorph (7)
Scrolls
 d - a scroll of vulnerability {unknown}
 f - a scroll of amnesia
 j - a scroll of silence
 k - 5 scrolls of teleportation
 m - a scroll of immolation {unknown}
 n - a scroll of fear {unknown}
 o - a scroll of blinking {unknown}
 s - a scroll of torment {unknown}
 x - 6 scrolls of identify
 A - 4 scrolls of enchant armour {unknown}
 H - 2 scrolls of summoning {unknown}
 K - a scroll of holy word {unknown}
 M - a scroll of magic mapping {unknown}
Potions
 c - a potion of magic {unknown}
 e - 2 potions of flight
 g - 2 potions of degeneration {unknown}
 i - a potion of attraction {unknown}
 q - a potion of mutation {unknown}
 r - a potion of berserk rage {unknown}
 t - 3 potions of brilliance
 u - a potion of resistance {unknown}
 v - a potion of might {unknown}
 w - a potion of haste {unknown}
 I - a potion of curing {unknown}


   Skills:
 + Level 5.7 Fighting
 + Level 5.7 Short Blades
 + Level 5.7 Long Blades
 + Level 5.7 Axes
 + Level 5.7 Maces & Flails
 + Level 5.7 Polearms
 + Level 5.7 Staves
 + Level 5.7 Slings
 + Level 5.7 Bows
 + Level 5.7 Crossbows
 + Level 5.7 Throwing
 + Level 5.7 Armour
 + Level 7.4 Dodging
 + Level 7.2 Stealth
 + Level 5.7 Shields
 + Level 5.7 Unarmed Combat
 + Level 7.7 Spellcasting
 + Level 5.2 Conjurations
 + Level 4.7 Hexes
 + Level 4.7 Summonings
 + Level 4.7 Necromancy
 + Level 4.7 Translocations
 + Level 4.7 Transmutations
 + Level 7.3 Fire Magic
 + Level 4.7 Ice Magic
 + Level 4.7 Air Magic
 + Level 4.7 Earth Magic
 + Level 4.7 Poison Magic
 + Level 6.3 Invocations
 + Level 5.7 Evocations


You had 8 spell levels left.
You knew the following spells:

 Your Spells              Type           Power      Damage    Failure   Level
a - Foxfire               Conj/Fire      100%       2x1d9     1%          1
b - Scorch                Fire           70%        2d9       1%          2
c - Freeze                Ice            100%       1d11      1%          1
d - Searing Ray           Conj           54%        2d6       1%          2
e - Frozen Ramparts       Ice            50%        1d7       4%          3
f - Inner Flame           Hex/Fire       30%        N/A       2%          3
g - Flame Wave            Conj/Fire      31%        2d8       7%          4

Your spell library contained the following spells:

 Spells                   Type           Power      Damage    Failure   Level
 Magic Dart               Conj           100%       1d8       1%          1
 Ensorcelled Hibernation  Hex/Ice        50%        N/A       1%          2
 Passwall                 Tmut/Erth      20%        N/A       1%          2
 Conjure Flame            Conj/Fire      31%        6-21      2%          3
 Confusing Touch          Hex            25%        N/A       4%          3
 Swiftness                Air            25%        N/A       4%          3
 Fulminant Prism          Conj/Hex       13%        3d9       12%         4
 Hailstorm                Conj/Ice       26%        3d7       12%         4
 Yara's Violent Unravell  Hex/Tmut       12%        3d7       36%         5
 Enfeeble                 Hex            12%        N/A       100%        7


Dungeon Overview and Level Annotations

Branches:
Dungeon (9/15)             Temple (1/1) D:7            Lair (0/6) D:8
  Sewer (visited)
    Orc: D:9-12

Altars:
Ashenzari
Cheibriados
Dithmenos
Elyvilon
Fedhas
Gozag
Hepliaklqana
Kikubaaqudgha
Makhleb
Nemelex Xobeh
Okawaru
Qazlal
Ru
Sif Muna
Trog
Uskayaw
Vehumet
Wu Jian
Yredelemnul
Zin
The Shining One

Annotations:
D:3 Pargi, Terence


Innate Abilities, Weirdness & Mutations

You have very sharp teeth.
Your uncanny sense of smell can sniff out nearby items.
Your experience applies equally to all skills.


Message History

The centaur warrior hits you but does no damage.
The centaur warrior closely misses you.
The wall freezes the orc warrior.
You kill the orc warrior!
The wall freezes the centaur warrior.
The centaur warrior hits you. The centaur warrior barely misses you.
You hit the centaur warrior.
The centaur warrior is heavily wounded.
The wall freezes the centaur warrior.
The centaur warrior barely misses you. The centaur warrior closely misses you.
You hit the centaur warrior.
The centaur warrior is severely wounded.
The frozen ramparts melt away.
The centaur warrior hits you!
The centaur warrior completely misses you.
You hit the centaur warrior but do no damage.
Your bite misses the centaur warrior.
The centaur warrior is severely wounded.
The centaur warrior hits you. The centaur warrior closely misses you.
The centaur warrior misses you.
The centaur warrior kicks you but does no damage.
You hit the centaur warrior but do no damage.
The centaur warrior is severely wounded.
The centaur warrior hits you!
* * * LOW HITPOINT WARNING * * *
The centaur warrior kicks you but does no damage.
You hit the centaur warrior but do no damage.
You bite the centaur warrior, but do no damage.
The centaur warrior is severely wounded.
The centaur warrior is no longer more vulnerable to fire.
The centaur warrior hits you!
* * * LOW HITPOINT WARNING * * *
The centaur warrior kicks you but does no damage.
You hit the centaur warrior but do no damage.
The centaur warrior is severely wounded.
The centaur warrior barely misses you. The centaur warrior kicks you.
* * * LOW HITPOINT WARNING * * *
The centaur warrior closely misses you.
The centaur warrior kicks you but does no damage.
The centaur warrior wields a +0 longbow.
The centaur warrior shoots an arrow.
The arrow hits you!
You die...

...........# ####...........#
...........### ###..###.....####
.............##.##....#......#.#.
#................#......##.......
.......[.....##################..
##.#.........#..........?.... ###
#.....)[.....#...............
.....##[.....#..#####..#####.
#.....#.....<#..@...#).#.....
#............#......#).#.....
.....###....######cO#..#..###
.#######....##....o.#..#..... .#
#........#....l.#..# .... .#
#......###..#####..#####. .#
#........##.oc...#..#.....
####......#.##c.....#..#.....
..#......##..#####.o#.?#..###


You could see a centaur warrior, a two-headed ogre and an orc wizard.

Vanquished Creatures
  Harold (D:8)
  A two-headed ogre (D:8)
  A komodo dragon (D:8)
  Grinder (D:3)
  Sigmund (D:5)
  2 shadows (D:9)
  3 steam dragons
  A hog (shapeshifter) (D:8)
  2 acid dragons
  2 orc warriors
  A sky beast (D:8)
  2 black bears
  A necrophage (D:5)
  A centaur (D:6)
  4 ogres
  3 phantoms
  2 kobold brigands
  2 bullfrogs
  4 scorpions
  A water moccasin skeleton (D:6)
  11 killer bees
  2 howler monkeys
  10 wights
  A centaur zombie (D:9)
  2 bullfrog zombies
  4 hounds
  An orc priest (D:5)
  3 jellies
  A centaur skeleton (D:6)
  3 orc wizards
  Natasha (thrice) (D:2)
  A howler monkey zombie (D:8)
  5 adders
  2 river rats (Sewer)
  2 white imps
  2 ufetubi (D:5)
  A worm (D:3)
  A dart slug (D:1)
  6 orcs
  10 endoplasms
  4 giant cockroaches
  5 goblins
  4 hobgoblins
  2 quokkas
  9 ball pythons
  8 bats
  10 frilled lizards
  11 kobolds
  10 rats
170 creatures vanquished.

Vanquished Creatures (collateral kills)
  7 foxfires (D:8)
7 creatures vanquished.

Vanquished Creatures (others)
  A shadow imp (D:6)
  1077 foxfires
  11 fungi (D:8)
  8 plants (D:8)
1097 creatures vanquished.

Grand Total: 1274 creatures vanquished

Notes
Turn   | Place    | Note
-------+----------+-------------------------------------------
     0 | D:1      | 101zpm the Gnoll Fire Elementalist began the quest for the
                  | Orb.
     0 | D:1      | Reached XP level 1. HP: 13/13 MP: 6/6
   263 | D:2      | Reached XP level 2. HP: 19/19 MP: 4/7
   893 | D:2      | Noticed Natasha
   904 | D:2      | HP: 1/20 [Natasha/magic dart (5)]
   906 | D:2      | Killed Natasha
   907 | D:2      | Reached skill level 5 in Spellcasting
   907 | D:2      | Reached skill level 1 in Invocations
   907 | D:2      | Reached XP level 3. HP: 1/25 MP: 4/9
  1199 | D:1      | You fall into a shaft and drop 1 floor!
  1638 | D:2      | Noticed Natasha
  1646 | D:2      | Killed Natasha
  1647 | D:2      | Reached skill level 1 in Fighting
  1647 | D:2      | Reached skill level 1 in Short Blades
  1647 | D:2      | Reached skill level 1 in Long Blades
  1647 | D:2      | Reached skill level 1 in Axes
  1647 | D:2      | Reached skill level 1 in Maces & Flails
  1647 | D:2      | Reached skill level 1 in Polearms
  1647 | D:2      | Reached skill level 1 in Staves
  1647 | D:2      | Reached skill level 1 in Slings
  1647 | D:2      | Reached skill level 1 in Bows
  1647 | D:2      | Reached skill level 1 in Crossbows
  1647 | D:2      | Reached skill level 1 in Throwing
  1647 | D:2      | Reached skill level 1 in Armour
  1647 | D:2      | Reached skill level 1 in Shields
  1647 | D:2      | Reached skill level 1 in Unarmed Combat
  1647 | D:2      | Reached skill level 1 in Evocations
  1647 | D:2      | Reached XP level 4. HP: 26/32 MP: 6/11
  1825 | D:3      | Found a faded altar of an unknown god.
  1837 | D:3      | Noticed Grinder
  1909 | D:2      | Noticed Natasha
  1913 | D:2      | Killed Natasha
  1914 | D:2      | Reached skill level 1 in Hexes
  1914 | D:2      | Reached skill level 1 in Summonings
  1914 | D:2      | Reached skill level 1 in Necromancy
  1914 | D:2      | Reached skill level 1 in Translocations
  1914 | D:2      | Reached skill level 1 in Transmutations
  1914 | D:2      | Reached skill level 1 in Ice Magic
  1914 | D:2      | Reached skill level 1 in Air Magic
  1914 | D:2      | Reached skill level 1 in Earth Magic
  1914 | D:2      | Reached skill level 1 in Poison Magic
  2756 | D:1      | Reached XP level 5. HP: 37/37 MP: 8/12
  3304 | D:3      | Killed Grinder
  3305 | D:3      | Reached skill level 5 in Dodging
  3305 | D:3      | Reached XP level 6. HP: 44/44 MP: 5/14
  3411 | D:3      | Noticed Terence
  3951 | D:3      | Noticed Pargi
  3957 | D:5      | Entered Level 5 of the Dungeon
  4103 | D:5      | Reached XP level 7. HP: 50/50 MP: 10/15
  4277 | D:5      | Noticed Sigmund
  4283 | D:5      | Killed Sigmund
  4284 | D:5      | Reached skill level 5 in Stealth
  4505 | D:5      | Reached XP level 8. HP: 33/57 MP: 8/16
  4508 | D:5      | Learned a level 2 spell: Scorch
  4510 | D:5      | Learned a level 1 spell: Freeze
  4513 | D:5      | Learned a level 2 spell: Searing Ray
  4517 | D:5      | Learned a level 3 spell: Frozen Ramparts
  4521 | D:5      | Learned a level 3 spell: Inner Flame
  5683 | D:6      | Found a glowing drain.
  5687 | Sewer    | Entered a sewer
  6893 | Sewer    | Found a viscous altar of Jiyva.
  7346 | D:7      | Reached XP level 9. HP: 65/65 MP: 11/18
  7351 | D:7      | Learned a level 4 spell: Flame Wave
  7612 | D:7      | Found a staircase to the Ecumenical Temple.
  9319 | D:8      | Reached skill level 5 in Invocations
  9659 | D:8      | Noticed a komodo dragon
  9668 | D:8      | Killed a komodo dragon
  9669 | D:8      | Reached XP level 10. HP: 38/73 MP: 6/20
  9800 | D:8      | Reached skill level 5 in Fighting
  9800 | D:8      | Reached skill level 5 in Short Blades
  9800 | D:8      | Reached skill level 5 in Long Blades
  9800 | D:8      | Reached skill level 5 in Axes
  9800 | D:8      | Reached skill level 5 in Maces & Flails
  9800 | D:8      | Reached skill level 5 in Polearms
  9800 | D:8      | Reached skill level 5 in Staves
  9800 | D:8      | Reached skill level 5 in Slings
  9800 | D:8      | Reached skill level 5 in Bows
  9800 | D:8      | Reached skill level 5 in Crossbows
  9800 | D:8      | Reached skill level 5 in Throwing
  9800 | D:8      | Reached skill level 5 in Armour
  9800 | D:8      | Reached skill level 5 in Shields
  9800 | D:8      | Reached skill level 5 in Unarmed Combat
  9800 | D:8      | Reached skill level 5 in Evocations
  9868 | D:8      | Noticed a two-headed ogre
  9878 | D:8      | Killed a two-headed ogre
  9937 | D:8      | Noticed Harold
  9949 | D:8      | Killed Harold
  9950 | D:8      | Reached skill level 5 in Conjurations
 10307 | D:8      | Found a staircase to the Lair.
 10506 | Temple   | Entered the Ecumenical Temple
 10923 | Temple   | Became a worshipper of the Shining One
 11913 | D:9      | Noticed a two-headed ogre
 11952 | D:9      | Noticed a centaur warrior
 11968 | D:9      | Shot with an arrow by a centaur warrior

Illustrated notes

Levels and vault maps discovered:
D:1:      dpeg_arrival_simpleton_b, layout_basic
D:2:      layout_loops_corners, uniq_natasha
D:3:      layout_loops_ring, chequers_ecumenical_altar_island, uniq_terence,
          uniq_crazy_yiuf_cottage, uniq_pargi, uniq_grinder
D:4:      layout_loops_ring, xom_butterflies
D:5:      layout_cave_pools, minmay_misc_feat_rugged, uniq_sigmund
D:6:      layout_layer_cave, gup_sewer_entry_bowl, serial_bayou_pond_a,
          hex_large, dk_vineyard_1, kennysheep_cross_room, uniq_pikel
D:7:      layout_basic, minmay_temple_entry_antechambers,
          roderic_serpentine_path, amcnicky_mini_rare_corridor_liquid
D:8:      layout_loops_ring, grunt_lair_entry_orc_guard_hut, uniq_harold
D:9:      kennysheep_windowed_halls, layout_cave_pools, eino_jars
Temple:   mainiacjoe_temple_trianglar_array

Skill      XL: |  1  2  3  4  5  6  7  8  9 10 |
---------------+-------------------------------+-----
Conjurations   | 2 3 4 5 |  5.2
Spellcasting   | 5 6 7 |  7.7
Invocations    | 1 2 3 4 5 6 |  6.3
Fighting       | 1 2 3 4 5 |  5.7
Short Blades   | 1 2 3 4 5 |  5.7
Long Blades    | 1 2 3 4 5 |  5.7
Axes           | 1 2 3 4 5 |  5.7
Maces & Flails | 1 2 3 4 5 |  5.7
Polearms       | 1 2 3 4 5 |  5.7
Staves         | 1 2 3 4 5 |  5.7
Slings         | 1 2 3 4 5 |  5.7
Bows           | 1 2 3 4 5 |  5.7
Crossbows      | 1 2 3 4 5 |  5.7
Throwing       | 1 2 3 4 5 |  5.7
Armour         | 1 2 3 4 5 |  5.7
Shields        | 1 2 3 4 5 |  5.7
Unarmed Combat | 1 2 3 4 5 |  5.7
Evocations     | 1 2 3 4 5 |  5.7
Hexes          | 1 2 3 4 |  4.7
Summonings     | 1 2 3 4 |  4.7
Necromancy     | 1 2 3 4 |  4.7
Translocations | 1 2 3 4 |  4.7
Transmutations | 1 2 3 4 |  4.7
Ice Magic      | 1 2 3 4 |  4.7
Air Magic      | 1 2 3 4 |  4.7
Earth Magic    | 1 2 3 4 |  4.7
Poison Magic   | 1 2 3 4 |  4.7
Dodging        | 5 6 7 |  7.4
Stealth        | 5 6 7 |  7.2
Fire Magic     | 6 7 |  7.3

Action                   |  1- 3 |  4- 6 |  7- 9 | 10-12 || total
-------------------------+-------+-------+-------+-------++-------
Melee: Unarmed           |    18 |    23 |     6 |    12 ||    59
       Bite              |     2 |     6 |       |     1 ||     9
 Cast: Foxfire           |    52 |   139 |   375 |    89 ||   655
       Scorch            |       |       |    33 |    32 ||    65
       Frozen Ramparts   |       |       |     6 |     7 ||    13
       Inner Flame       |       |       |     1 |     3 ||     4
  Use: Scroll            |       |       |     3 |       ||     3
       Potion            |       |       |     1 |       ||     1
Armor: Robe              |       |     3 |     5 |    12 ||    20
Dodge: Dodged            |    15 |    14 |    39 |    35 ||   103
